Unix NetHack Version 3.7.0-53 Work-in-progress - last build Apr 1 2022 12:02:44 (7e311aa8f678825fd515f266b121b8a7a7199ace,branch:master). Game began 2022-04-03 09:39:20, ended 2022-04-03 15:18:01. elenmirie, neutral female human Tourist -------------------------------- |..............................| |...-----..----.------+----- ..| |...|.!.|--|..|.-.!%|..|(@(| ..| |...|%+)|..|..-.|.]%|..|(@(|.... |...|/.)|.......-----..|(%.|...| |...--)--+--.........[.--|--.... .... |....................[.......... ............{.-|-----.{......... |.............|.....|...afa....| |....--|--....|.....|..--@--...| |.----...-|--.|.._..|-||.d+|.... |.| |(((|. |.|.....|..|f@.|...| -------- # ##|.+ |!((|..|.------|..|?..|...| |.....[.#####|.-----------. ..-------- ... |......|## ##..)............................| |.....)[#####-------------------------------- |.<....| -------- Elenmirie the Excursionist St:11 Dx:12 Co:18 In:15 Wi:9 Ch:16 Neutral Dlvl:6 $:200 HP:0(61) Pw:22(22) AC:3 Xp:6/458 T:5458 Burdened Latest messages: The large cat drops a leash. The housecat drops a blessed spellbook of cure blindness. Yermak picks up a spellbook of healing. Yermak drops a spellbook of healing. The housecat picks up a blessed spellbook of cure blindness. Yermak picks up a spellbook of healing. Yermak drops a spellbook of healing. The housecat drops a blessed spellbook of cure blindness. The large cat picks up a leash. You already found a monster. Use 'm' prefix to force another search. You miss the killer bee. The killer bee stings! Yermak picks up a blessed spellbook of cure blindness. The large cat misses the killer bee. The large cat misses the killer bee. You miss the killer bee. The killer bee stings! The large cat misses the killer bee. The killer bee misses! The large cat misses the killer bee. The killer bee stings! The killer bee misses! The large cat bites the killer bee. The killer bee is killed! You miss the killer bee. The killer bee misses! The large cat misses the killer bee. The killer bee stings! The large cat misses the killer bee. You miss the killer bee. The killer bee just misses! The large cat misses the killer bee. The killer bee misses! The large cat drops a leash. The large cat misses the killer bee. You miss the killer bee. The killer bee stings! The killer bee stings! Yermak drops a blessed spellbook of cure blindness. The large cat misses the killer bee. The killer bee stings! The killer bee's sting was poisoned! The poison was deadly... Enniscorthy gratefully inherits all your possessions. Yawolloh looks at your corpse, shakes his head, and sighs. Do you want to see what you had when you died? [ynq] (y) y Do you want to see your attributes? [ynq] (y) y Do you want an account of creatures vanquished? [ynaq] (y) y Do you want to see your conduct and achievements? [ynq] (y) y Do you want to see the dungeon overview? [ynq] (y) y Major events: Turn 1: elenmirie the neutral female human Tourist entered the dungeon 565: entered the Gnomish Mines 939: attained the rank of Sightseer (level 3) 3878: attained the rank of Excursionist (level 6) 4355: reached Mine Town 5322: read a Discworld novel 5458: poisoned by a killer bee Inventory: Coins $ - 200 gold pieces Weapons p - 18 uncursed +2 darts (at the ready) c - 4 uncursed +2 daggers g - an uncursed +0 dagger U - a cursed +0 dagger l - an uncursed +0 elven dagger a - an uncursed +0 trident (weapon in hand) Armor H - an uncursed +0 elven leather helm (being worn) z - an uncursed +0 dwarvish cloak F - an uncursed +0 elven cloak (being worn) i - a blessed +0 Hawaiian shirt with a toucan motif (being worn) G - a blessed +3 leather armor (being worn) Comestibles f - 2 uncursed apples b - 5 uncursed food rations D - a cursed tripe ration Spellbooks A - an uncursed novel named Monstrous Regiment B - an uncursed spellbook of drain life J - an uncursed spellbook of extra healing Rings y - a cursed ring of polymorph Wands s - an uncursed wand of cancellation (0:5) m - a blessed wand of digging (0:3) K - an uncursed wand of undead turning (0:3) Tools x - an empty cursed bag of holding w - a cursed sack containing 15 items n - a cursed fire horn named THE HORN OF YENDOR (0:0) C - an uncursed can of grease (0:13) k - an uncursed credit card I - an uncursed lock pick e - an uncursed skeleton key P - an uncursed stethoscope Contents of the sack: 848 gold pieces 3 uncursed scrolls of blank paper an uncursed scroll of food detection an uncursed scroll of genocide an uncursed scroll of identify a blessed scroll of magic mapping 2 uncursed scrolls of magic mapping an uncursed scroll of teleportation an uncursed potion of confusion a cursed potion of healing an uncursed potion of levitation an uncursed potion of restore ability an uncursed potion of speed 2 potions of unholy water an uncursed +0 pick-axe Elenmirie the Tourist's attributes: Background: You were an Excursionist, a level 6 female human Tourist. You were neutral, on a mission for The Lady who was opposed by Blind Io (lawful) and Offler (chaotic). You were in the Gnomish Mines, on level 6. You entered the dungeon 5458 turns ago. There was a new moon in effect when your adventure ended. You had 458 experience points, 182 more were needed to attain level 7. Basics: You had 0 out of 61 hit points. You had all 22 energy points (spell power). Your armor class was 3. Your wallet contained 200 zorkmids. Autopickup was on for '$' plus thrown. Final Characteristics: Your strength was 11 (limit:18/100). Your dexterity was 12 (limit:18). Your constitution was 18 (limit:18). Your intelligence was 15 (limit:18). Your wisdom was 9 (limit:18). Your charisma was 16 (limit:18). Final Status: You were not hungry. You were burdened; movement was slightly slowed. You were wielding a trident. You had basic skill with trident. Final Attributes: You were piously aligned. You were stealthy. You were warded. You are dead. Miscellaneous: You encountered 1 bones level. Total elapsed playing time was 1 hour, 54 minutes and 34 seconds. Vanquished creatures: a ghost a large mimic a spotted jelly a leprechaun an iron piercer a dog a dwarf leader a dust vortex a raven a rope golem an imp 2 rock moles 2 ponies a fog cloud 4 yellow lights a violet fungus 5 gnome leaders a gnomish wizard a kobold mummy a golden naga hatchling an elf zombie a ghoul a paper golem 3 giant ants a kitten 8 dwarves a homunculus a kobold shaman a hill orc 3 rothes a rabid rat a centipede a monkey a dwarf zombie an iguana a killer bee 2 acid blobs a coyote 3 gas spores 4 hobbits 11 manes 3 large kobolds 5 giant rats 2 cave spiders a brown mold 2 yellow molds a red mold 26 gnomes 5 garter snakes a gnome zombie 2 geckos 6 jackals a fox a kobold a goblin a sewer rat 4 grid bugs 2 bats 5 lichens a kobold zombie 4 newts 151 creatures vanquished. No species were genocided or became extinct. Voluntary challenges: You read items or engraved 5 times. You never engraved Elbereth. You never genocided any monsters. You never polymorphed an object. You never changed form. You used no wishes. Achievements: You entered a shop. You entered the Gnomish Mines. You attained the rank of Sightseer. You attained the rank of Excursionist. You entered Minetown. You entered a temple. You read from a Discworld novel. The Dungeons of Doom: levels 1 to 5 Level 1: Level 2: A potion shop, a fountain. Stairs down to The Gnomish Mines. Level 3: Level 4: An armor shop. Level 5: Many fountains. Oracle of Delphi. The Gnomish Mines: levels 3 to 6 Level 3: Level 4: Level 5: Level 6: <- You were here. Many shops, a temple, some fountains, a grave. Final resting place for you, poisoned by a killer bee, elenmirie-Tou-Hum-Fem-Neu, killed by a rope golem. Game over: ---------- / \ / REST \ / IN \ / PEACE \ / \ | elenmirie | | 0 Au | | poisoned by a | | killer bee | | | | | | 2022 | *| * * * | * _________)/\\_//(\/(/\)/\//\/|_)_______ Aloha elenmirie the Tourist... You were poisoned in The Gnomish Mines on dungeon level 6 with 2092 points, and 0 pieces of gold, after 5458 moves. You were level 6 with a maximum of 61 hit points when you were poisoned.